 Dungeon Crawl Stone Soup version 0.24.0-41-g2ae2f7f1be (webtiles) character file.

Game seed: 880166902197896079, levelgen mode: deterministic

508 Goreval the Ruffian (level 6, -12/51 HPs)
             Began as a Draconian Transmuter on Dec 12, 2019.
             Was a Follower of Nemelex Xobeh.
             Mangled by Pikel the moth of wrath (14 damage)
             ... on level 4 of the Dungeon.
             The game lasted 00:11:33 (7326 turns).

Goreval the Ruffian (Draconian Transmuter)          Turns: 7326, Time: 00:11:33

Health: -12/51     AC:  6    Str: 12    XL:     6   Next: 98%
Magic:  7/10       EV: 13    Int: 16    God:    Nemelex Xobeh [*.....]
Gold:   76         SH:  0    Dex: 11    Spells: 5/11 levels left

rFire    . . .     SeeInvis .     - Unarmed
rCold    . . .     Gourm    .   (no shield)
rNeg     . . .     Faith    .   (armour unavailable)
rPois    .         Spirit   .   (helmet restricted)
rElec    .         Reflect  .   (no cloak)
rCorr    .         Harm     .   (no gloves)
MR       .....                  (no boots)
Stlth    +.........             (no amulet)
HPRegen  0.17/turn              (no ring)
MPRegen  0.12/turn              (no ring)

@: no status effects
A: unfitting armour, cold-blooded, AC +6
a: Draw Escape, Draw Destruction, Draw Summoning, Renounce Religion


You were on level 4 of the Dungeon.
You worshipped Nemelex Xobeh.
Nemelex Xobeh was aware of your devotion.
You were near starving.

You visited 1 branch of the dungeon, and saw 5 of its levels.

You collected 246 gold pieces.
You spent 170 gold pieces at shops.

Inventory:

Missiles
 a - 27 arrows
 e - 184 stones (quivered)
Armour
 p - a +0 pair of gloves
Jewellery
 q - an uncursed amulet of rage
Scrolls
 b - a scroll of remove curse
 f - a scroll of amnesia {unknown}
 h - 5 scrolls of identify
 k - 3 scrolls of blinking {unknown}
 l - 3 scrolls of fog
 m - 4 scrolls of teleportation
 n - 2 scrolls of enchant weapon {unknown}
 o - 2 scrolls of magic mapping
 r - a scroll of immolation {unknown}
Potions
 d - 2 potions of curing
 g - a potion of flight {unknown}
 i - 3 potions of berserk rage
 j - a potion of lignification
 s - a potion of magic {unknown}
Comestibles
 c - 7 rations


   Skills:
 + Level 3.1 Fighting
 + Level 2.8 Dodging
 * Level 4.6 Unarmed Combat
 + Level 3.0 Spellcasting
 * Level 4.3 Transmutations
 + Level 1.8 Invocations


You had 5 spell levels left.
You knew the following spells:

 Your Spells              Type           Power        Failure   Level  Hunger
a - Beastly Appendage     Tmut           ###...       3%          1    #......
b - Spider Form           Tmut/Pois      #.........   24%         3    ###....
z - Sticks to Snakes      Tmut           ###.....     4%          2    ##.....

Your spell library contained the following spells:

 Spells                   Type           Power        Failure   Level  Hunger
 Ice Form                 Ice/Tmut       #.......     61%         4    #####..
 Blade Hands              Tmut           ###.......   65%         5    ######.


Dungeon Overview and Level Annotations

Branches:
Dungeon (5/15)             Temple (0/1) D:4

Altars:
Nemelex Xobeh

Shops:
D:4 ?

Annotations:
D:4 Pikel


Innate Abilities, Weirdness & Mutations

Your plain brown scales are hard. (AC +6)
You cannot fit into any form of body armour.
You are cold-blooded and may be slowed by cold attacks.


Message History

You bump into the rock wall.
You feel less confused. Pikel misses you.
Okay, then.
You hit Pikel but do no damage.
Pikel hits you with a +1 whip of flaming!
* * * LOW HITPOINT WARNING * * *
Pikel burns you.
* * * LOW HITPOINT WARNING * * *
Your magical contamination has completely faded away.
Unknown command.
You draw a card...
You have drawn Degeneration.
Pikel evaporates and reforms as a moth of wrath!
Pikel twists and deforms.
Pikel closely misses you.
Unknown command.
Unknown command.
You hit Pikel. Pikel closely misses you.
You hit Pikel. Pikel bites you!
You die...
Your body disappears without a glow.

#.....######## #.# #......
##...........# #.# #.##### #
#..######.#.# #.###.## #
#..#####.#..######>##...####
######.......###......)..........
#.o..o...#...##...#####..........
#.####........#...............)..
#.# #).##...##.y.#####..#.......
#.####..#.....##@## #..#.......
....##..#....[...# ##.#.......
..#.##.^(........### #.#.......
###.#####..........## #.#.......
# #.# #......##.#.####.#....... #
#.# ###.##...###.....#....... #
###### #.#####.#.####.##.....# ##
##§§####.# ##.## #.###.⌠.##
8###≈§§≈≈##.### #.# #..#######


You could see Pikel the moth of wrath.

Vanquished Creatures
  A phantom (D:4)
  A hound (D:4)
  2 orc priests (D:4)
  2 orc wizards
  Jessica (D:2)
  A worker ant (D:4)
  7 gnolls
  A howler monkey skeleton (D:4)
  3 adders
  2 oozes
  5 worms
  A dart slug (D:1)
  4 leopard geckos
  11 orcs
  6 giant cockroaches
  3 goblins
  8 hobgoblins
  3 jackals
  10 kobolds
  2 quokkas
  A ball python (D:2)
  8 bats
  8 frilled lizards
  A leopard gecko skeleton (D:4)
  8 rats
100 creatures vanquished.

Notes
Turn   | Place    | Note
-------+----------+-------------------------------------------
     0 | D:1      | Goreval the Draconian Transmuter began the quest for the
                  | Orb.
     0 | D:1      | Reached XP level 1. HP: 16/16 MP: 3/3
     7 | D:1      | Noticed a hound
     7 | D:1      | Noticed a water moccasin
     7 | D:1      | Noticed a swamp worm
     8 | D:1      | Noticed an iguana
     8 | D:1      | Noticed a wyvern
   231 | D:1      | Reached XP level 2. HP: 17/23 MP: 1/5
   321 | D:1      | Learned a level 2 spell: Sticks to Snakes
  1566 | D:2      | Reached XP level 3. HP: 20/29 MP: 6/6
  1767 | D:2      | Learned a level 3 spell: Spider Form
  2210 | D:2      | Noticed Jessica
  2697 | D:2      | Killed Jessica
  2697 | D:2      | Reached XP level 4. HP: 29/36 MP: 3/7
  3583 | D:3      | Found a faded altar of an unknown god.
  3598 | D:3      | Became a worshipper of Nemelex Xobeh the Trickster
  3598 | D:3      | Received a gift from Nemelex Xobeh
  3598 | D:3      | Received a gift from Nemelex Xobeh
  3598 | D:3      | Reached * piety under Nemelex Xobeh
  3598 | D:3      | Received a gift from Nemelex Xobeh
  4044 | D:3      | Reached XP level 5. HP: 34/41 MP: 8/8
  4431 | D:4      | Found Rygom's Magic Scroll Boutique.
  4437 | D:4      | Bought a scroll of identify for 20 gold pieces
  4437 | D:4      | Bought a scroll of teleportation for 30 gold pieces
  4437 | D:4      | Bought a scroll of identify for 20 gold pieces
  4437 | D:4      | Bought 2 scrolls of identify for 40 gold pieces
  4437 | D:4      | Bought a scroll of identify for 20 gold pieces
  4437 | D:4      | Bought a scroll of identify for 20 gold pieces
  4437 | D:4      | Bought a scroll of identify for 20 gold pieces
  5169 | D:4      | Noticed a phantom
  5173 | D:4      | Reached skill level 1 in Invocations
  5533 | D:3      | HP: 2/42 [phantom (3)]
  5886 | D:4      | Reached XP level 6. HP: 33/50 MP: 6/10
  6150 | D:4      | Found a staircase to the Ecumenical Temple.
  6753 | D:4      | HP: 2/51 [orc wizard/+0 dagger (6)]
  7273 | D:5      | Entered Level 5 of the Dungeon
  7276 | D:5      | Noticed a slave
  7280 | D:5      | Noticed Pikel
  7285 | D:5      | Noticed a slave
  7286 | D:5      | Noticed a slave
  7323 | D:4      | HP: 2/51 [Pikel/+1 whip of flaming (5)]
  7324 | D:4      | Noticed Pikel
  7324 | D:4      | Pikel changed into Pikel the moth of wrath
  7326 | D:4      | Mangled by Pikel the moth of wrath

Levels and vault maps discovered:
D:1:      onia_arrival_zoo_common, layout_loops_ring, minmay_distorted
D:2:      layout_loops_ring, uniq_jessica
D:3:      layout_loops_corners, chequers_ecumenical_altar_island, first_ration
D:4:      cheibrodos_pilgrimage, layout_loops_ring, minmay_temple_entry_fiery,
          serial_shops, nicolae_shop_temple_entry_statues_fountains
D:5:      layout_loops_ring, gup_sewer_entry_bubbles, uniq_pikel, uniq_menkaure,
          uniq_prince_ribbit1

Skill      XL: |  1  2  3  4  5  6 |
---------------+-------------------+-----
Dodging        | 2 |  2.8
Fighting       | 2 3 |  3.1
Transmutations | 3 4 |  4.3
Unarmed Combat | 4 |  4.6
Invocations    | 1 |  1.8
Spellcasting   | 3 |  3.0

Action                   |  1- 3 |  4- 6 || total
-------------------------+-------+-------++-------
Melee: Unarmed           |   170 |   275 ||   445
       Kick              |     7 |    12 ||    19
       Punch             |     6 |     5 ||    11
       Tailslap          |    10 |    19 ||    29
       Headbutt          |     2 |     3 ||     5
 Cast: Beastly Appendage |    19 |    11 ||    30
       Sticks to Snakes  |     1 |       ||     1
       Spider Form       |     2 |    14 ||    16
 Abil: Draw Destruction  |       |     3 ||     3
       Draw Escape       |       |     1 ||     1
  Use: Scroll            |       |     6 ||     6
       Potion            |       |     2 ||     2
 Stab: Sleeping          |     3 |       ||     3
  Eat: Chunk             |     6 |    12 ||    18
       Ration            |       |     1 ||     1
Armor: Skin              |    49 |    36 ||    85
Dodge: Dodged            |   113 |   176 ||   289
